 Dungeon Crawl Stone Soup version 0.19-a0-1686-g35356ef (webtiles) character file.

590 Amnesiac the Basher (level 7, -28/75 HPs)
             Began as an Ogre Monk on Sept 25, 2016.
             Killed from afar by an orc (30 damage)
             ... with an exploding inner flame
             ... hexed by the player character
             ... on level 4 of the Dungeon.
             The game lasted 00:07:00 (3362 turns).

Amnesiac the Basher (Ogre Monk)                     Turns: 3362, Time: 00:07:00

Health: -28/75     AC:  5    Str: 17    XL:     7   Next: 39%
Magic:  7/7        EV: 12    Int:  9    God:
Gold:   102        SH:  0    Dex: 14    Spells: 0 memorised, 6 levels left

rFire  . . .     SeeInvis .     q - +1 morningstar
rCold  . . .     Gourm    .     b - +1 robe
rNeg   + . .     Faith    .     (no shield)
rPois  .         Spirit   .     (helmet restricted)
rElec  .         Dismiss  .     (no cloak)
rCorr  .         Reflect  .     (gloves unavailable)
MR     .....     Harm     .     (boots unavailable)
Stlth  ++........               (no amulet)
                                (no ring)
                                j - ring of positive energy

@: flying
A: unfitting armour, tough skin 1
a: no special abilities


You were on level 4 of the Dungeon.
You were very hungry.

You visited 1 branch of the dungeon, and saw 5 of its levels.

You collected 102 gold pieces.

Inventory:

Hand Weapons
 p - a +0 flail
 q - a +1 morningstar (weapon)
Missiles
 l - a tomahawk (quivered)
Armour
 b - a +1 robe (worn)
Jewellery
 j - a ring of positive energy (left hand)
 t - an uncursed ring of poison resistance {unknown}
Scrolls
 d - 5 scrolls of identify
 e - 2 scrolls of enchant armour
Potions
 s - a potion of beneficial mutation
Comestibles
 c - 2 bread rations
 f - 3 meat rations
 g - 3 slices of pizza


   Skills:
 + Level 6.1 Fighting
 * Level 8.4 Maces & Flails
 + Level 4.4 Dodging
 - Level 1.5 Stealth


You had 6 spell levels left.
You didn't know any spells.

Dungeon Overview and Level Annotations

Branches:
Dungeon (5/15)
 Temple: D:4-7

Altars:
Vehumet


Innate Abilities, Weirdness & Mutations

You are too large for most types of armour.
You have tough skin. (AC +1)


Message History

You feel very buoyant.
You fly up into the air.
The orc wizard hits you with a dagger.
* * * LOW HITPOINT WARNING * * *
The orc wizard casts a spell.
The orc wizard blinks!
The orc hits you with a flail.
* * * LOW HITPOINT WARNING * * *
The orc wizard completely misses you. The orc barely misses you.
Okay, then.
You hit the orc wizard.
The orc wizard explodes!
The fiery explosion engulfs the orc wizard.
The orc wizard explodes!
The fiery explosion engulfs the orc.
The orc explodes!
The fiery explosion engulfs the orc.
The orc explodes!
The fiery explosion engulfs the worker ant.
The worker ant explodes!
The fiery explosion engulfs you!
You die...

#.........######
#..............#
#.......)......#
######........#
#........#
#§§§.....#
#§§..#####
#§§§.# #@§§.#
#§§..# #....#
#....# ######


There were no monsters in sight!

Vanquished Creatures
  4 phantoms
  An orc priest (D:4)
  An iguana (D:4)
  2 worker ants (D:4)
  3 gnolls
  5 adders
  An ooze (D:4)
  2 worms
  7 orcs (D:4)
  5 bats
  2 giant cockroaches (D:4)
  4 goblins
  5 hobgoblins
  7 jackals
  A quokka (D:4)
  3 frilled lizards
  3 kobolds
  A leopard gecko skeleton (D:4)
  4 rats
61 creatures vanquished.

Notes
Turn   | Place    | Note
-------+----------+-------------------------------------------
     0 | D:1      | Amnesiac the Ogre Monk began the quest for the Orb.
     0 | D:1      | Reached XP level 1. HP: 24/24 MP: 1/1
   171 | D:2      | Reached XP level 2. HP: 28/32 MP: 2/2
   198 | D:2      | Found a radiant altar of Vehumet.
   444 | D:2      | Reached XP level 3. HP: 32/39 MP: 3/3
   519 | D:3      | Reached skill level 5 in Maces & Flails
   834 | D:4      | Reached XP level 4. HP: 39/49 MP: 4/4
  1197 | D:4      | Noticed a phantom
  1206 | D:4      | Noticed a phantom
  1570 | D:4      | Reached skill level 6 in Maces & Flails
  1570 | D:4      | Reached XP level 5. HP: 19/55 MP: 5/5
  1784 | D:4      | Noticed a phantom
  1829 | D:4      | Killed a phantom
  1829 | D:4      | Reached skill level 5 in Fighting
  1829 | D:4      | Reached XP level 6. HP: 20/66 MP: 6/6
  2182 | D:5      | Entered Level 5 of the Dungeon
  2488 | D:3      | Reached skill level 7 in Maces & Flails
  2863 | D:3      | Killed a phantom
  3030 | D:3      | Killed a phantom
  3030 | D:3      | Reached XP level 7. HP: 56/74 MP: 7/7
  3172 | D:3      | Reached skill level 8 in Maces & Flails
  3360 | D:4      | HP: 2/75 [orc/flail (3)]
  3362 | D:4      | Killed from afar by an orc

Vault maps used:
D:1:      lemuel_arrival_cross
D:2:      overflow_temple_1_default, first_bread
D:3:      minmay_misc_feat_doors, kennysheep_generic_room_6
D:4:      minivault_11
D:5:      uniq_sigmund

Skill      XL: |  1  2  3  4  5  6  7 |
---------------+----------------------+-----
Dodging        | 3 4 |  4.4
Maces & Flails | 5 6 7 8 |  8.4
Fighting       | 5 6 |  6.1
Stealth        | |  1.5

Action                   |  1- 3 |  4- 6 |  7- 9 || total
-------------------------+-------+-------+-------++-------
Melee: Mace              |    91 |   105 |       ||   196
       Morningstar       |       |    57 |    35 ||    92
       Flail             |       |     5 |       ||     5
Throw: Tomahawk          |       |     7 |       ||     7
  Use: Potion            |       |     1 |     3 ||     4
       Scroll            |       |       |     7 ||     7
 Stab: Sleeping          |     1 |     3 |       ||     4
  Eat: Chunk             |       |     6 |     1 ||     7
Armor: Robe              |    45 |    42 |    12 ||    99
Dodge: Dodged            |    64 |   100 |    48 ||   212
